 Dungeon Crawl Stone Soup version 0.28.0-45-g0d030f2227 (webtiles) character file.

Game seed: 5599045027497658900

723 nickcage the Arsonist (level 7, -2/36 HPs)
             Began as a Deep Elf Fire Elementalist on Apr 11, 2022.
             Was an Initiate of Sif Muna.
             Slain by an ogre
             ... wielding a +0 giant club
              (15 damage)
             ... on level 5 of the Dungeon.
             The game lasted 00:15:31 (5320 turns).

nickcage the Arsonist (Deep Elf Fire Elementalist)  Turns: 5320, Time: 00:15:32

Health: -2/36      AC:  6    Str:  5    XL:     7   Next: 43%
Magic:  16/16      EV: 13    Int: 26    God:    Sif Muna [......]
Gold:   122        SH:  0    Dex: 21    Spells: 6/16 levels left

rFire   + . .      SeeInvis .   w - +10 flail of Ruaval {vorpal, rPois Int+4}
rCold   x . .      Faith    .   (no shield)
rNeg    . . .      Spirit   .   v - +2 robe {Will+}
rPois   +          Reflect  .   (no helmet)
rElec   .          Harm     .   (no cloak)
rCorr   .          Rampage  .   q - +0 pair of gloves
Will    +....                   z - +0 pair of boots
Stlth   ++........              (no amulet)
HPRegen 0.12/turn               b - ring of fire
MPRegen 0.15/turn               i - +6 ring of dexterity

@: no status effects
A: no striking features
a: Renounce Religion


You were on level 5 of the Dungeon.
You worshipped Sif Muna.
Sif Muna was noncommittal.
You visited 1 branch of the dungeon, and saw 5 of its levels.

You collected 122 gold pieces.

Inventory:

Hand Weapons
 c - a +1 short sword of holy wrath
 h - a +1 short sword of venom
 w - the +10 flail of Ruaval (weapon) {vorpal, rPois Int+4}
   (You took it off a kobold on level 4 of the Dungeon)

   It inflicts extra damage upon your enemies.
   Int:       It affects your intelligence (+4).
   rPois:     It protects you from poison.
Missiles
 m - 13 poisoned darts
Armour
 a - a +0 robe
 q - a +0 pair of gloves (worn)
 v - a +2 robe of willpower (worn)
 y - +0 gold dragon scales
 z - a +0 pair of boots (worn)
Jewellery
 b - a ring of fire (left hand)
 i - a +6 ring of dexterity (right hand)
Wands
 u - a wand of iceblast (10)
Scrolls
 e - a scroll of fear {unknown}
 g - 2 scrolls of fog {unknown}
 j - 4 scrolls of teleportation {unknown}
 l - 4 scrolls of amnesia {unknown}
 o - 4 scrolls of identify {unknown}
Potions
 d - a potion of magic {unknown}
 f - a potion of heal wounds {unknown}
 k - 3 potions of curing {unknown}
 n - a potion of invisibility {unknown}
 p - a potion of might {unknown}
 r - 3 potions of lignification {unknown}
 s - 2 potions of flight {unknown}
 t - a potion of attraction {unknown}
 x - a potion of brilliance {unknown}


   Skills:
 - Level 2.4 Dodging
 - Level 2.4 Stealth
 + Level 5.0 Spellcasting
 * Level 4.1 Conjurations
 + Level 8.0 Fire Magic


You had 6 spell levels left.
You knew the following spells:

 Your Spells              Type           Power      Damage    Failure   Level
a - Foxfire               Conj/Fire      100%       2x1d9     1%          1
b - Scorch                Fire           100%       2d10      1%          2
c - Conjure Flame         Conj/Fire      55%        6-21      1%          3
d - Flame Wave            Conj/Fire      55%        2d11      6%          4

Your spell library contained the following spells:

 Spells                   Type           Power      Damage    Failure   Level
 Inner Flame              Hex/Fire       41%        N/A       4%          3
 Sticky Flame             Conj/Fire      55%        2d7       6%          4
 Summon Small Mammal      Summ           24%        N/A       8%          1
 Ignite Poison            Fire/Tmut/Pois 30%        N/A       8%          3
 Dazzling Flash           Conj/Hex       34%        N/A       10%         3
 Ensorcelled Hibernation  Hex/Ice        12%        N/A       12%         2
 Call Canine Familiar     Summ           6%         N/A       22%         3
 Gell's Gravitas          Tloc           6%         N/A       22%         3
 Lesser Beckoning         Tloc           6%         N/A       22%         3
 Spider Form              Tmut/Pois      6%         N/A       22%         3
 Summon Guardian Golem    Hex/Summ       6%         N/A       22%         3
 Teleport Other           Tloc           6%         N/A       22%         3
 Tukima's Dance           Hex            6%         N/A       22%         3
 Iskenderun's Mystic Bla  Conj/Tloc      17%        2d5       32%         4
 Anguish                  Hex/Necr       3%         N/A       58%         4
 Passage of Golubria      Tloc           6%         N/A       58%         4
 Starburst                Conj/Fire      27%        6d9       67%         6
 Yara's Violent Unravell  Hex/Tmut       3%         3d4       91%         5


Dungeon Overview and Level Annotations

Branches:
Dungeon (5/15)
 Temple: D:4-7

Altars:
Cheibriados
Dithmenos
Makhleb
Sif Muna
Wu Jian

Annotations:
D:4 Eustachio


Message History

The centaur wields a +0 shortbow.
The centaur shoots an arrow.
The arrow hits you.
An ogre comes into view. It is wielding a +0 giant club.
A wave of flame ripples out!
The flame wave engulfs the orc!!
You kill the orc!
Sif Muna accepts your kill.
The flame wave engulfs the orc!
You kill the orc!
Sif Muna accepts your kill.
The centaur shoots an arrow.
The arrow hits you.
Your Spellcasting skill increases to level 5!
You feel a surge of power!
Flames lash the orc.
The orc is heavily wounded.
The orc's fire resistance burns away.
The centaur shoots an arrow.
The arrow hits you.
A hound zombie comes into view.
The centaur shoots an arrow.
The arrow hits you!
The centaur shoots an arrow.
The arrow hits you. The orc completely misses you.
You climb upwards.
Level annotation: Eustachio
There is a stone staircase leading down here.
You are too injured to fight recklessly!
Casting: Scorch (safe; 1% risk of failure)
Press: ? - help, Q - select action, (/) - cycle Dir - look around, f - activate You feel a surge of power!
Flames lash the orc.
The orc is burned terribly!
You kill the orc!
Sif Muna accepts your kill.
You start resting.
Magic restored.
You start resting.
HP restored.
Things that are here:
a +0 short sword; an orc corpse You can't see any susceptible monsters within range! (Use Z to cast anyway.) Done exploring.
There is a stone staircase leading down here.
You climb downwards.
The centaur shoots an arrow.
The arrow hits you. The ogre hits you with a +0 giant club!
The centaur shoots an arrow.
The arrow hits you! The ogre hits you with a +0 giant club!
You die...

## .# .#
####.###
#......#
#..)...#
#..O)..#
#.@(...#
#.[....#
#.........
#.........
#####..Z..
..... c...
....


You could see an ogre, a centaur and a hound zombie.

Vanquished Creatures
  Grinder (D:3)
  A black bear (D:4)
  An ogre (D:4)
  A hound (D:4)
  2 iguanas (D:4)
  Jessica (D:3)
  Ijyb (D:3)
  A hound skeleton (D:4)
  A gnoll (D:1)
  10 adders
  An adder skeleton (D:4)
  2 worms
  A dart slug (D:4)
  7 orcs
  5 endoplasms
  5 giant cockroaches
  5 goblins
  9 hobgoblins
  6 jackals
  2 quokkas (D:4)
  5 ball pythons
  8 bats
  3 frilled lizards (D:1)
  12 kobolds
  7 rats
98 creatures vanquished.

Vanquished Creatures (others)
  20 foxfires
20 creatures vanquished.

Grand Total: 118 creatures vanquished

Notes
Turn   | Place    | Note
-------+----------+-------------------------------------------
     0 | D:1      | nickcage the Deep Elf Fire Elementalist began the quest for
                  | the Orb.
     0 | D:1      | Reached XP level 1. HP: 10/10 MP: 6/6
   144 | D:1      | Reached XP level 2. HP: 15/15 MP: 4/8
   147 | D:1      | Learned a level 2 spell: Scorch
   267 | D:1      | Reached skill level 4 in Fire Magic
   468 | D:1      | Reached XP level 3. HP: 19/19 MP: 6/9
   475 | D:1      | Learned a level 3 spell: Conjure Flame
  1054 | D:2      | Reached skill level 5 in Fire Magic
  1054 | D:2      | Reached XP level 4. HP: 24/24 MP: 3/10
  1320 | D:2      | Found a faded altar of an unknown god.
  2371 | D:3      | Found a shadowy altar of Dithmenos.
  2784 | D:3      | Noticed Grinder
  2835 | D:3      | Reached XP level 5. HP: 28/28 MP: 6/11
  2981 | D:3      | Noticed Jessica
  2983 | D:3      | Killed Grinder
  2984 | D:3      | Reached skill level 7 in Fire Magic
  2984 | D:3      | Reached XP level 6. HP: 32/32 MP: 3/12
  2986 | D:3      | Killed Jessica
  3187 | D:3      | Noticed Ijyb
  3191 | D:3      | Killed Ijyb
  3424 | D:3      | Found an ornate altar of the Wu Jian Council.
  3651 | D:3      | Learned a level 4 spell: Flame Wave
  3925 | D:4      | Reached XP level 7. HP: 36/36 MP: 5/15
  4035 | D:4      | Noticed Eustachio
  4078 | D:4      | Identified the +10 flail of Ruaval {vorpal, rPois Int+4}
  4701 | D:4      | Found a shimmering blue altar of Sif Muna.
  4707 | D:4      | Became a worshipper of Sif Muna the Loreminder
  4778 | D:4      | Reached skill level 8 in Fire Magic
  4989 | D:4      | Found a snail-covered altar of Cheibriados.
  4998 | D:4      | Found a burning altar of Makhleb.
  5123 | D:5      | Entered Level 5 of the Dungeon
  5126 | D:5      | Reached skill level 5 in Spellcasting
  5320 | D:5      | Slain by an ogre

Illustrated notes

Levels and vault maps discovered:
D:1:      tarquinn_simple_flora_water_f, layout_rooms
D:2:      minmay_spotlight, layout_loops_ring,
          shapermc_ecumenical_altar_starsandcircs, minivault_27,
          minmay_quadrilaterals
D:3:      layout_loops_corners, nicolae_dithmenos_through_a_glass_darkly,
          pdpol_wu_jian_five_deadly_venoms, corexii_hall_statues_s,
          uniq_jessica, uniq_grinder, uniq_ijyb
D:4:      cheibrodos_helix_gallery, layout_basic, kennysheep_orc_sif_temple,
          mainiacjoe_overflow_swirl, uniq_eustachio
D:5:      layout_rooms, minmay_temple_entry_proselytizer,
          gammafunk_ghost_stat_death

Skill      XL: |  1  2  3  4  5  6  7 |
---------------+----------------------+-----
Fire Magic     | 4 5 7 8 |  8.0
Conjurations   | 2 3 4 |  4.1
Spellcasting   | 4 5 |  5.0
Dodging        | |  2.4
Stealth        | |  2.4

Action                   |  1- 3 |  4- 6 |  7- 9 || total
-------------------------+-------+-------+-------++-------
Melee: Unarmed           |     1 |       |       ||     1
       Short sword       |       |       |     3 ||     3
Throw: Dart              |       |     1 |       ||     1
 Cast: Foxfire           |    11 |     1 |       ||    12
       Scorch            |    34 |    61 |    33 ||   128
       Conjure Flame     |       |     1 |       ||     1
       Flame Wave        |       |       |     1 ||     1
Armor: Robe              |       |       |    10 ||    10
Dodge: Dodged            |     2 |     3 |    34 ||    39
